 Dungeon Crawl Stone Soup version 0.26.0-45-g9c1d065592 (webtiles) character file.

Game seed: 3740672372230671693

47 kaeus the Sneak (level 3, -1/21 HPs)
             Began as an Octopode Enchanter on Jan 29, 2021.
             Slain by a worm (6 damage)
             ... on level 2 of the Dungeon.
             The game lasted 00:01:39 (1920 turns).

kaeus the Sneak (Octopode Enchanter)                Turns: 1920, Time: 00:01:39

Health: -1/21      AC:  1    Str:  7    XL:     3   Next: 70%
Magic:  6/6        EV: 13    Int: 17    God:
Gold:   99         SH:  0    Dex: 13    Spells: 5/6 levels left

rFire    . . .     SeeInvis .   n - +1 short sword (drain)
rCold    . . .     Faith    .   (no shield)
rNeg     . . .     Spirit   .   (helmet restricted)
rPois    .         Reflect  .   (no amulet)
rElec    .         Harm     .   (no ring)
rCorr    .         Rampage  .   (no ring)
Will     .....                  (no ring)
Stlth    ++++......             (no ring)
HPRegen  0.07/turn              (no ring)
MPRegen  0.10/turn              (no ring)
                                (no ring)
                                (no ring)

@: no status effects
A: almost no armour, stealthy swim, amphibious, 8 rings, constrict 8, camouflage
1, gelatinous body 1
a: no special abilities


You were on level 2 of the Dungeon.
You visited 1 branch of the dungeon, and saw 2 of its levels.

You collected 99 gold pieces.

Inventory:

Hand Weapons
 a - a +1 dagger
 n - a +1 short sword of draining (weapon)
Jewellery
 q - an uncursed ring of protection from cold
Scrolls
 c - 2 scrolls of teleportation {unknown}
 e - 3 scrolls of remove curse {unknown}
 f - a scroll of noise {unknown}
 g - 3 scrolls of identify {unknown}
 h - a scroll of enchant weapon {unknown}
 j - a scroll of fog {unknown}
 m - a scroll of enchant armour {unknown}
 o - a scroll of amnesia {unknown}
Potions
 b - 2 potions of lignification {unknown}
 d - 2 potions of curing {unknown}
 i - a potion of berserk rage {unknown}
 k - a potion of attraction {unknown}
 l - a potion of degeneration {unknown}
 p - a potion of brilliance {unknown}


   Skills:
 + Level 1.5 Short Blades
 + Level 2.2 Dodging
 * Level 4.7 Stealth
 + Level 2.2 Spellcasting
 * Level 3.5 Hexes


You had 5 spell levels left.
You knew the following spells:

 Your Spells              Type           Power        Failure   Level
a - Corona                Hex            15%          4%          1

Your spell library contained the following spells:

 Spells                   Type           Power        Failure   Level
 Confusing Touch          Hex            14%          13%         3
 Tukima's Dance           Hex            14%          13%         3
 Ensorcelled Hibernation  Hex/Ice        16%          14%         2
 Dazzling Flash           Conj/Hex       16%          26%         3


Dungeon Overview and Level Annotations

Branches:
Dungeon (2/15)

Altars:


Innate Abilities, Weirdness & Mutations

You cannot wear most types of armour.
You are very stealthy in the water. (Stealth+)
You are amphibious.
You can wear up to eight rings at the same time.
You can use your tentacles to constrict eight enemies at once.
Your skin changes colour to match your surroundings (Stealth+).
Your rubbery body absorbs attacks. (AC +1, EV +1)


Message History

* * * LOW HITPOINT WARNING * * *
A worm is nearby!
You are too injured to fight recklessly!
A worm is nearby!
You take 6 damage, and have 5/21 hp.
MASSIVE DAMAGE!!
You are too injured to fight recklessly!
A worm is nearby!
You are too injured to fight recklessly!
A worm is nearby!
You are too injured to fight recklessly!
A worm is nearby!
You are too injured to fight recklessly!
A worm is nearby!
You hit the worm. You grab the worm.
The worm is moderately wounded.
You constrict the worm. You hit the worm.
You squeeze the worm, but do no damage.
The worm is heavily wounded.
You constrict the worm. The worm bites you.
You die...

########
#......#############
#......##.....$....#
#......##.......>(.#
#......##..........#
#.............@....#
###†.....##......w...#
#..........$.........#
.........##..........#
.#####################
.# ## ########


You could see a worm.

Vanquished Creatures
  A worm (D:2)
  2 dart slugs (D:1)
  2 leopard geckos (D:1)
  5 bats
  2 giant cockroaches
  3 goblins
  6 hobgoblins
  3 frilled lizards
  10 kobolds
  4 rats
38 creatures vanquished.

Notes
Turn   | Place    | Note
-------+----------+-------------------------------------------
     0 | D:1      | kaeus the Octopode Enchanter began the quest for the Orb.
     0 | D:1      | Reached XP level 1. HP: 11/11 MP: 3/3
   252 | D:1      | Reached XP level 2. HP: 13/17 MP: 5/5
   798 | D:1      | Reached XP level 3. HP: 4/21 MP: 6/6
  1920 | D:2      | Slain by a worm

Illustrated notes

Levels and vault maps discovered:
D:1:      dpeg_arrival_simpleton_b, layout_basic
D:2:      layout_rooms

Action                   || total
-------------------------++-------
Melee: Dagger            ||    65
       Constrict         ||    20
       Tentacles         ||     9
       Short sword       ||    24
 Stab: Sleeping          ||    11
Armor: Skin              ||    14
Dodge: Dodged            ||    57
